 Dungeon Crawl Stone Soup version 0.30-a0-172-gc5509c9e31 (webtiles) character file.

Game seed: 3656322725113440517

18976 Flugkiller the Chiller (level 12, -30/80 HPs)
             Began as a Mummy Ice Elementalist on Oct 1, 2022.
             Was a High Priest of Hepliaklqana.
             Annihilated by Rupert
             ... wielding a +0 great mace of holy wrath
              (51 damage)
             ... on level 3 of the Lair of Beasts.
             The game lasted 00:18:45 (13221 turns).

Flugkiller the Chiller (Mummy Ice Elementalist)    Turns: 13221, Time: 00:18:46

Health: -30/80     AC: 15    Str: 11    XL:     12   Next: 32%
Magic:  19/21      EV: 13    Int: 19    God:    Hepliaklqana [*****.]
Gold:   321        SH:  0    Dex: 13    Spells: 9/23 levels left

rFire   . . .      SeeInvis .    A - +5 great sword "Hukluankyl" {spect, rF++}
rCold   + + .      Faith    +    (shield currently unavailable)
rNeg    + + +      Spirit   .    r - +2 troll leather armour {Snorg}
rPois   ∞          Reflect  .    w - +1 helmet
rElec   .          Harm     .    F - +0 cloak
rCorr   .          Rampage  .    j - +1 pair of gloves
Will    +....                    (no boots)
Stlth   ++........               (no amulet)
HPRegen 1.13/turn                i - ring of ice
MPRegen 0.17/turn                p - +4 ring of protection

@: about to teleport
A: reduced essence, cold resistance 1, negative energy resistance 3, torment
resistance 2, heat vulnerability 1, in touch with death 1, no potions, faith
a: Renounce Religion, Recall Ancestor, Ancestor Identity, Transference, Idealise


You were on level 3 of the Lair of Beasts.
You worshipped Hepliaklqana.
Hepliaklqana was extremely pleased with you.
You visited 2 branches of the dungeon, and saw 14 of its levels.

You collected 608 gold pieces.
You spent 287 gold pieces at shops.

Inventory:

Hand Weapons
 b - a +3 scimitar
   (You took it off a wight on level 4 of the Dungeon)
 q - a +2 dagger of freezing
   (You found it on level 4 of the Dungeon)
 x - a +6 dire flail of protection
   (You took it off Edmund on level 6 of the Dungeon)
 A - the +5 great sword "Hukluankyl" (weapon) {spect, rF++}
   (You bought it in a shop on level 8 of the Dungeon)

   When its wielder attacks, the weapon's spirit leaps out and strikes again.
   The spirit shares a part of any damage it takes with its wielder.
   rF:        It greatly protects you from fire.
Missiles
 c - 30 poisoned darts (quivered)
 d - a throwing net
 y - 2 curare-tipped darts
Armour
 a - a +0 robe
 j - a +1 pair of gloves (worn)
   (You found it on level 1 of the Dungeon)
 r - a +2 troll leather armour (worn) {Snorg}
   (You found it on level 11 of the Dungeon)
 v - a +2 robe
   (You took it off Dowan on level 7 of the Dungeon)
 w - a +1 helmet (worn)
   (You found it on level 7 of the Dungeon)
 F - a +0 cloak (worn)
   (You found it on level 4 of the Dungeon)
Jewellery
 i - a ring of ice (left hand)
   (You found it on level 1 of the Dungeon)
 l - a ring of ice
   (You found it on level 3 of the Dungeon)
 m - a ring of willpower
   (You found it on level 10 of the Dungeon)
 p - a +4 ring of protection (right hand)
   (You found it on level 10 of the Dungeon)
 s - a ring of flight
   (You found it on level 7 of the Dungeon)
Wands
 n - a wand of iceblast (12)
   (You found it on level 3 of the Dungeon)
 o - a wand of paralysis (15)
   (You found it on level 6 of the Dungeon)
 u - a wand of flame (30)
   (You took it off an orc wizard on level 7 of the Dungeon)
 H - a wand of mindburst (9)
   (You found it on level 2 of the Lair of Beasts)
Scrolls
 e - 2 scrolls of poison
 f - 2 scrolls of brand weapon
 g - 4 scrolls of butterflies
 h - 3 scrolls of enchant armour
 k - 2 scrolls of fear
 t - 3 scrolls of teleportation
 z - a scroll of enchant weapon
 B - 4 scrolls of magic mapping
 C - a scroll of immolation
 D - a scroll of silence
 E - a scroll of summoning
 G - a scroll of amnesia {unknown}


   Skills:
 + Level 6.9 Fighting
 + Level 6.6 Long Blades
 - Level 1.7 Maces & Flails
 - Level 6.0 Dodging
 - Level 1.5 Stealth
 - Level 6.0 Spellcasting
 - Level 4.0 Conjurations
 - Level 6.0 Summonings
 - Level 7.0 Ice Magic
 + Level 6.8 Invocations
 - Level 6.0 Evocations


You had 9 spell levels left.
You knew the following spells:

 Your Spells              Type           Power      Damage    Failure   Level
a - Freeze                Ice            100%       1d11      1%          1
b - Frozen Ramparts       Ice            96%        1d15      2%          3
c - Hailstorm             Conj/Ice       39%        3d9       4%          3
d - Summon Ice Beast      Ice/Summ       45%        N/A       10%         4
e - Ozocubu's Armour      Ice            48%        N/A       2%          3

Your spell library contained the following spells:

 Spells                   Type           Power      Damage    Failure   Level
 Ignite Poison            Fire/Tmut/Pois 5%         N/A       41%         3
 Inner Flame              Hex/Fire       5%         N/A       41%         3
 Sticky Flame             Conj/Fire      13%        2d4       54%         4
 Cause Fear               Hex            2%         N/A       82%         4
 Irradiate                Conj/Tmut      6%         3d13      87%         5
 Alistair's Intoxication  Tmut/Pois      3%         N/A       99%         5
 Borgnjor's Vile Clutch   Necr/Erth      4%         N/A       99%         5
 Simulacrum               Ice/Necr       21%        N/A       99%         6
 Eringya's Noxious Bog    Tmut/Pois      2%         N/A       100%        6
 Discord                  Hex            2%         N/A       100%        8
 Ignition                 Fire           2%         3d3       100%        8
 Ice Form                 Ice/Tmut       Unusable   N/A       N/A         4
 Blade Hands              Tmut           Unusable   N/A       N/A         5
 Dragon Form              Tmut           Unusable   N/A       N/A         7

Dungeon Overview and Level Annotations

Branches:
Dungeon (11/15) Zot: 25811  Temple (0/1) D:7            Lair (3/5) D:9 Zot: 16489
 Shoals (0/4) Lair:3        Snake (0/4) Lair:3          Orc (0/2) D:9

Altars:
Hepliaklqana
Kikubaaqudgha
Makhleb
Trog
Yredelemnul

Shops:
D:3 !   D:7 ?   D:8 *

Annotations:
Lair:1 Nergalle
Lair:2 1 runed translucent door, Tenar's ghost, journeyman FoFi
Lair:3 Rupert


Innate Abilities, Weirdness & Mutations

Your life essence is reduced to manifest your ancestor. (-10% HP)
You are immune to poison.
Your flesh is cold resistant. (rC+)
You are immune to negative energy. (rN+++)
You are immune to unholy pain and torment.
You are vulnerable to heat. (rF-)
You are in touch with the powers of death.
You do not drink.
You have a special connection with the divine. (Faith)


Message History

There are monsters nearby!
There are monsters nearby!
Casting: Hailstorm (dangerous; 4% risk of failure)
Confirm with . or Enter, or press ? or * to list all spells.
You feel a surge of power!
A cannonade of hail descends around you!
The hail misses the water moccasin.
The hail pelts the plant!
The plant begins to die.
The plant is lightly damaged.
The hail pelts the water moccasin!!
The water moccasin is severely wounded.
The hail pelts the water moccasin!
The water moccasin is heavily wounded.
Lici blocks the water moccasin's attack.
Lici hits the water moccasin with a +0 flail!
The water moccasin dies!
Casting: Hailstorm (dangerous; 4% risk of failure)
Confirm with . or Enter, or press ? or * to list all spells.
You feel a surge of power!
A cannonade of hail descends around you!
The hail pelts the water moccasin!
You kill the water moccasin!
The hail pelts the plant!
The plant is lightly damaged.
The water moccasin bites you but does no damage.
Lici hits the water moccasin with a +0 flail!
You barely miss the water moccasin.
The water moccasin is moderately wounded.
Your +5 great sword "Hukluankyl" {spect, rF++} hits the water moccasin!
The water moccasin closely misses you.
Lici hits the water moccasin with a +0 flail!
The water moccasin dies!
No target in view!
No target in view!
Unknown command.
A nearby plant withers and dies.
You swap places.
Found 2 stones.
You see here a water moccasin corpse.
A water moccasin comes into view.
A water moccasin is nearby!
A water moccasin is nearby!
The water moccasin barely misses you.
You completely miss the water moccasin.
Your +5 great sword "Hukluankyl" {spect, rF++} barely misses the water moccasin.
The water moccasin bites you but does no damage.
The water moccasin misses you.
Lici hits the water moccasin with a +0 flail.
You closely miss the water moccasin.
The water moccasin is lightly wounded.
Your +5 great sword "Hukluankyl" {spect, rF++} hits the water moccasin!!
You kill the water moccasin!
No target in view!
You swap places.
Found a lumpy green potion.
Rupert the Wild comes into view.
He is wielding a +0 great mace of holy wrath.
Rupert shouts!
Rupert is nearby!
You swap places.
Rupert roars wildly at you.
Lici suddenly stops moving!
Unknown command.
Rupert screams, "Give me the Holy Grail!"
Rupert looks excited.
Rupert hits Lici but does no damage.
Rupert hits Lici with a +0 great mace of holy wrath!
Something hits Lici!
You hit the plant.
The plant begins to die.
The plant is lightly damaged.
Your +5 great sword "Hukluankyl" {spect, rF++} hits the plant!!
Something hits Lici.
Something hits Lici but does no damage.
You slash the plant!
The plant is lightly damaged.
Your +5 great sword "Hukluankyl" {spect, rF++} hits the plant!!
Something hits Lici!
Lici is recalled.
A nearby plant withers and dies.
Lici is recalled.
Rupert roars wildly at you.
You are confused.
Unknown command.
You see here a black mamba corpse.
You bump into the rock wall.
Rupert roars madly and goes into a rage!
Rupert goes berserk!
Unknown command.
You feel less confused.
Rupert rages.
As you read the scroll of teleportation, it crumbles to dust.
You feel strangely unstable.
Lici is no longer paralysed.
Rupert hits you with a +0 great mace of holy wrath!
You convulse.
Unknown command.
Rupert hits you with a +0 great mace of holy wrath!!!
Ouch! That really hurt!
* * * LOW HITPOINT WARNING * * *
You convulse!!!
Ouch! That really hurt!
You die...

#..........
#P....####..... .
.........
#....P##...... ..
(....P. #....#.......
..P #....
##............ ... #..#
#...#.......P.
#..#####.### ###
#..###........
.#.....P...###.#####.##
##....... #
#........†##..##...#
#.P.P..P #
##PR###..#.†.@@..P##
##...... #
#.###.P....#....##
#....P.
#####.##..R..#####.#
P....P #.##..##.>...#
### P##..........#.##
..............P.#
..P.#..P..P#P....#
.#######...##...... .#
#.### ##PP..


You could see the friendly Lici the knight and Rupert (berserk, ally target).

Vanquished Creatures
  Snorg (D:11)
  A boulder beetle (D:11)
  A two-headed ogre (D:11)
  3 black mambas (Lair:3)
  3 cane toads
  3 kobold demonologists
  2 rime drakes (Lair:2)
  4 komodo dragons
  Psyche (D:9)
  A polar bear (Lair:1)
  2 wyverns
  2 wraiths
  15 yaks
  A steam dragon (D:10)
  4 vampire mosquitoes (D:7)
  Menkaure (D:5)
  3 acid dragons
  7 water moccasins
  Edmund (D:6)
  2 ice beasts
  3 orc warriors (D:9)
  4 black bears
  A centaur (Lair:3)
  5 wolves (Lair:1)
  Blork the orc (D:4)
  5 kobold brigands
  4 bullfrogs
  A gnoll sergeant (D:7)
  4 scorpions
  15 wights
  Dowan (D:7)
  2 killer bees
  A howler monkey (D:10)
  2 jellies
  8 hounds
  8 orc priests
  6 iguanas
  Ijyb (D:4)
  Terence (D:2)
  7 orc wizards
  8 gnolls
  4 adders
  A white imp (D:6)
  2 shadow imps
  An ufetubus (D:6)
  A worm (D:4)
  2 dart slugs
  41 orcs
  11 ball pythons
  10 endoplasms
  A giant cockroach (D:3)
  8 goblins
  5 hobgoblins
  4 jackals (D:4)
  23 kobolds
  5 quokkas
  8 bats
  5 frilled lizards
  6 rats
284 creatures vanquished.

Vanquished Creatures (collateral kills)
  A hornet (D:10)
  A shadow (D:10)
  A wyvern (Lair:1)
  5 yaks
  2 vampire mosquitoes (D:11)
  3 water moccasins
  Duvessa (D:7)
  An acid dragon (D:11)
  2 black bears (D:9)
  An orc warrior (D:7)
  An ice beast (D:8)
  A wolf (Lair:1)
  2 centaurs
  2 kobold brigands
  A bullfrog (Lair:1)
  A necrophage (D:8)
  A scorpion (D:6)
  5 wights
  2 killer bees (D:9)
  A jelly (D:6)
  An orc priest (D:7)
  2 orc wizards
  An adder (D:5)
  7 orcs
  6 kobolds
  2 butterflies (D:7)
54 creatures vanquished.

Vanquished Creatures (others)
  A water moccasin (Lair:3)
  An ancestor (D:7)
  5 knights
  44 fungi
  48 plants
99 creatures vanquished.

Grand Total: 437 creatures vanquished

Notes
Turn   | Place    | Note
-------+----------+-------------------------------------------
     0 | D:1      | Flugkiller the Mummy Ice Elementalist began the quest for
                  | the Orb.
     0 | D:1      | Reached XP level 1. HP: 13/13 MP: 4/4
   329 | D:1      | Reached XP level 2. HP: 17/20 MP: 3/6
   506 | D:1      | You fall into a shaft and drop 1 floor!
   535 | D:2      | Reached skill level 1 in Fighting
   611 | D:2      | Gained mutation: You are in touch with the powers of death.
                  | [Mummy growth]
   611 | D:2      | Reached XP level 3. HP: 22/26 MP: 4/8
   649 | D:2      | Learned a level 3 spell: Frozen Ramparts
   708 | D:2      | Noticed Terence
   718 | D:2      | Killed Terence
  1452 | D:1      | Reached XP level 4. HP: 32/32 MP: 8/10
  1501 | D:1      | Reached skill level 4 in Ice Magic
  1527 | D:1      | Found a faded altar of an unknown god.
  2150 | D:3      | Found Viemne's Distillery.
  2338 | D:3      | Learned a level 3 spell: Hailstorm
  2725 | D:4      | Noticed Ijyb
  2731 | D:4      | Killed Ijyb
  2732 | D:4      | Reached XP level 5. HP: 37/37 MP: 4/12
  2863 | D:4      | Reached skill level 1 in Conjurations
  3091 | D:4      | Found an ancient bone altar of Kikubaaqudgha.
  3309 | D:4      | Found a basalt altar of Yredelemnul.
  3309 | D:4      | Found a hazy altar of Hepliaklqana.
  3546 | D:4      | Became a worshipper of Hepliaklqana the Forgotten
  3721 | D:4      | Noticed Blork the orc
  3729 | D:4      | Killed Blork the orc
  3730 | D:4      | Reached skill level 5 in Spellcasting
  3732 | D:4      | Reached XP level 6. HP: 43/43 MP: 4/13
  4240 | D:4      | Reached skill level 5 in Ice Magic
  4306 | D:5      | Entered Level 5 of the Dungeon
  4306 | D:5      | Noticed an ice beast
  4316 | D:5      | Killed an ice beast
  4317 | D:5      | Reached XP level 7. HP: 45/48 MP: 4/14
  4413 | D:5      | Learned a level 4 spell: Summon Ice Beast
  4428 | D:5      | Noticed Menkaure
  4606 | D:5      | Killed Menkaure
  4607 | D:5      | Reached skill level 1 in Summonings
  4989 | D:5      | Reached * piety under Hepliaklqana
  5036 | D:5      | Reached XP level 8. HP: 51/51 MP: 11/16
  5212 | D:6      | Noticed Edmund
  5218 | D:6      | Killed Edmund
  5392 | D:6      | Reached skill level 6 in Ice Magic
  6179 | D:7      | Reached XP level 9. HP: 56/56 MP: 9/18
  6339 | D:7      | Reached skill level 7 in Ice Magic
  6341 | D:7      | Reached skill level 5 in Summonings
  6735 | D:7      | Found Kidawk's Magic Scroll Shoppe.
  6769 | D:7      | Reached ** piety under Hepliaklqana
  6770 | D:7      | Remembered your ancestor Lici as a knight
  6970 | D:7      | Found a burning altar of Makhleb.
  7105 | D:7      | Noticed Duvessa
  7105 | D:7      | Noticed Dowan
  7110 | D:7      | Reached skill level 1 in Evocations
  7117 | D:7      | Killed Duvessa
  7120 | D:7      | Killed Dowan
  7412 | D:7      | Found a staircase to the Ecumenical Temple.
  7860 | D:8      | Reached skill level 1 in Maces & Flails
  7910 | D:8      | Reached XP level 10. HP: 52/63 MP: 19/19
  7957 | D:8      | Reached skill level 5 in Evocations
  7959 | D:8      | Found Uratery's Assorted Antiques.
  8350 | D:8      | Bought an ancient great sword for 287 gold pieces
  8350 | D:8      | Identified the +5 great sword "Hukluankyl" {spect, rF++}
                  | (You bought it in a shop on level 8 of the Dungeon)
  8394 | D:9      | Reached skill level 1 in Long Blades
  8502 | D:9      | Reached skill level 5 in Fighting
  8569 | D:9      | Found a staircase to the Lair.
  8645 | D:9      | Found a staircase to the Orcish Mines.
  8973 | D:9      | Noticed Psyche
  8977 | D:9      | Killed Psyche
  8991 | D:9      | Reached *** piety under Hepliaklqana
  9018 | D:9      | Reached skill level 1 in Invocations
  9308 | D:10     | Entered Level 10 of the Dungeon
  9936 | D:10     | Reached XP level 11. HP: 72/72 MP: 16/20
 10367 | D:10     | Reached skill level 5 in Invocations
 10547 | D:11     | Reached **** piety under Hepliaklqana
 10571 | D:11     | Noticed Snorg
 10589 | D:11     | Noticed a boulder beetle
 10600 | D:11     | Killed a boulder beetle
 10605 | D:11     | Learned a level 3 spell: Ozocubu's Armour
 10943 | D:11     | Reached skill level 5 in Long Blades
 11116 | D:11     | Noticed a two-headed ogre
 11122 | D:11     | Killed a two-headed ogre
 11175 | D:11     | Found a bloodstained altar of Trog.
 11330 | D:11     | Killed Snorg
 11723 | Lair:1   | Entered Level 1 of the Lair of Beasts
 11794 | Lair:1   | Reached skill level 5 in Dodging
 11958 | Lair:1   | Reached XP level 12. HP: 79/79 MP: 15/21
 12173 | Lair:1   | Noticed Nergalle
 12176 | Lair:1   | You fall into a shaft and drop 1 floor!
 12299 | Lair:2   | Found a runed translucent door.
 12332 | Lair:2   | Noticed Tenar's ghost (journeyman FoFi)
 12333 | Lair:2   | Identified the +2 trident of Articulation {vorpal, rC++
                  | rN++ Str+4}
 12996 | Lair:3   | Reached ***** piety under Hepliaklqana
 13102 | Lair:3   | Found a staircase to the Shoals.
 13116 | Lair:3   | Found a staircase to the Snake Pit.
 13190 | Lair:3   | Noticed Rupert
 13221 | Lair:3   | Annihilated by Rupert

Illustrated notes

Levels and vault maps discovered:
D:1:      eino_arrival_water_cross, layout_basic,
          nicolae_ecumenical_snake_handling
D:2:      layout_loops_corners, basic_altar, uniq_terence
D:3:      layout_loops_ring, serial_shops, nicolae_shop_advertising_works
          [nicolae_subvault_shop_adworks]
D:4:      layout_basic, gammafunk_temple_overflow_pools,
          mainiacjoe_overflow_cross_hatched, serial_curves, eino_curves_01,
          eino_curves_01, eino_curves_01,
          nicolae_concentric_dashed_squares_wild, kennysheep_generic_room_8,
          uniq_blork_the_orc, uniq_ijyb
D:5:      corexii_shack_village, layout_basic, uniq_menkaure
D:6:      layout_loops_ring, kennysheep_potato, uniq_edmund
D:7:      kennysheep_six_static_rooms, layout_loops_ring, kennysheep_mini_moat,
          minmay_temple_entry_butterflies, serial_shops, shop, uniq_duvessa
D:8:      layout_loops_cross, serial_shops, kennysheep_mini
D:9:      layout_rooms, due_lair_maze_entry_diamond, david_orc_5, uniq_psyche
D:10:     layout_stronghold, minmay_quadrilaterals
D:11:     layout_loops_ring, trog_three_pillars_becter, uniq_snorg
Lair:1:   layout_roguey, uniq_nergalle
Lair:2:   layout_roguey, ebering_ghost_funeral_grove
Lair:3:   layout_cave_pods, minmay_shoals_entry_centaurs,
          minmay_snake_entry_six_corridors, uniq_rupert

Skill      XL: |  1  2  3  4  5  6  7  8  9 10 11 12 |
---------------+-------------------------------------+-----
Spellcasting   | 3 4 5 6 |  6.0
Fighting       | 1 2 3 6 |  6.9
Ice Magic      | 4 5 6 7 |  7.0
Conjurations   | 2 3 4 |  4.0
Summonings     | 1 4 6 |  6.0
Evocations     | 4 6 |  6.0
Maces & Flails | 1 |  1.7
Long Blades    | 4 6 |  6.6
Invocations    | 3 6 |  6.8
Dodging        | 5 6 |  6.0
Stealth        | |  1.5

Action                   |  1- 3 |  4- 6 |  7- 9 | 10-12 || total
-------------------------+-------+-------+-------+-------++-------
Melee: Unarmed           |     2 |       |       |       ||     2
       Spear             |    10 |    22 |       |       ||    32
       Punch             |       |     1 |       |       ||     1
       Scimitar          |       |     4 |    44 |       ||    48
       Dagger            |       |     4 |       |       ||     4
       Dire flail        |       |       |     2 |     3 ||     5
       Great sword       |       |       |       |    78 ||    78
Throw: Dart              |     1 |     2 |       |       ||     3
 Cast: Freeze            |    38 |    50 |    17 |    14 ||   119
       Frozen Ramparts   |     1 |     9 |     5 |     6 ||    21
       Hailstorm         |       |     7 |    74 |    93 ||   174
Invok: Ancestor Identity |       |       |     1 |       ||     1
       Ancestor Life: Kn |       |       |     1 |       ||     1
       Recall Ancestor   |       |       |       |     4 ||     4
Evoke: Wand              |       |     4 |       |     1 ||     5
  Use: Scroll            |     1 |     6 |     2 |     5 ||    14
 Stab: Sleeping          |     2 |     2 |     1 |     2 ||     7
       Distracted        |       |       |       |     2 ||     2
       Paralysed         |       |       |       |     3 ||     3
Armor: Robe              |     5 |    11 |    24 |    26 ||    66
       Troll leather arm |       |       |       |    18 ||    18
Dodge: Dodged            |    21 |    26 |    45 |   105 ||   197

Table legend: (Time is in decaauts)
 A = Elapsed time spent in this place.
 B = Non-inter-level travel time spent in this place.
 C = Inter-level travel time spent in this place.
 D = Time resting spent in this place.
 E = Time spent auto-exploring this place.
 F = Levels seen in this place.
 G = Mean time per level.
                   A        B        C        D        E       F      G
               +--------+--------+--------+--------+--------+-----+--------+
         Total |  13287 |  12545 |    742 |   2959 |   7402 |  14 |  949.1 |
       Dungeon |  11778 |  11049 |    729 |   2689 |   6429 |  11 | 1070.7 |
          Lair |   1509 |   1496 |     13 |    270 |    973 |   3 |  503.0 |
               +--------+--------+--------+--------+--------+-----+--------+

Top non-repeatable levels by time:
     D:7: 1515 daAuts
     D:4: 1316 daAuts
    D:10: 1295 daAuts
     D:1: 1125 daAuts
    D:11: 1125 daAuts
     D:5: 999 daAuts
     D:9: 953 daAuts
     D:2: 952 daAuts
     D:3: 916 daAuts
  Lair:2: 869 daAuts
     D:8: 845 daAuts
     D:6: 734 daAuts
  Lair:1: 456 daAuts
  Lair:3: 184 daAuts
